 Dungeon Crawl Stone Soup version 0.28.0-45-g0d030f2227 (webtiles) character file.

Game seed: 4423980405519633730

280 zeratav the Insei (level 6, -1/41 HPs)
             Began as an Octopode Transmuter on Apr 13, 2022.
             Was an Initiate of Ashenzari.
             Slain by Blork the orc
             ... wielding a +0 long sword
              (3 damage)
             ... on level 4 of the Dungeon.
             The game lasted 00:07:25 (4901 turns).

zeratav the Insei (Octopode Transmuter)             Turns: 4901, Time: 00:07:26

Health: -1/41      AC:  1    Str:  9    XL:     6   Next: 27%
Magic:  6/9        EV: 14    Int: 15    God:    Ashenzari [......]
Gold:   188        SH:  0    Dex: 15    Spells: 5/9 levels left

rFire   . . .      SeeInvis .   k - +5 dagger {short}
rCold   . . .      Faith    .   (no shield)
rNeg    . . .      Spirit   .   (helmet restricted)
rPois   .          Reflect  .   (no amulet)
rElec   .          Harm     .   (no ring)
rCorr   .          Rampage  .   (no ring)
Will    .....                   (no ring)
Stlth   +++.......              (no ring)
HPRegen 0.13/turn               (no ring)
MPRegen 0.11/turn               (no ring)
                                (no ring)
                                (no ring)

@: lethally poisoned (-1 -> -16)
A: almost no armour, amphibious, 8 rings, camouflage 1, gelatinous body 1,
(nimble swimmer 1), tentacles
a: Renounce Religion


You were on level 4 of the Dungeon.
You worshipped Ashenzari.
Ashenzari was noncommittal.
You visited 2 branches of the dungeon, and saw 5 of its levels.

You collected 188 gold pieces.


Innate Abilities, Weirdness & Mutations

You cannot wear most types of armour.
You are amphibious.
You can wear up to eight rings at the same time.
Your skin changes colour to match your surroundings (Stealth+).
Your rubbery body absorbs attacks. (AC +1, EV +1)
((You are camouflaged when in or above water. (Stealth+)))
You have tentacles for arms and can constrict up to eight enemies at once.


   Skills:
 + Level 2.8 Fighting
 + Level 3.3 Dodging
 + Level 3.5 Stealth
 * Level 4.8 Unarmed Combat
 - Level 2.0 Spellcasting
 - Level 2.0 Transmutations


You had 5 spell levels left.
You knew the following spells:

 Your Spells              Type           Power      Damage    Failure   Level
a - Beastly Appendage     Tmut           14%        N/A       10%         1
b - Spider Form           Tmut/Pois      4%         N/A       41%         3

Your spell library contained the following spells:

 Spells                   Type           Power      Damage    Failure   Level
 Wereblood                Tmut           7%         N/A       14%         2
 Animate Skeleton         Necr           2%         N/A       22%         1
 Pain                     Necr           4%         1d4       22%         1
 Shock                    Conj/Air       4%         1d3       22%         1
 Corpse Rot               Necr/Air       2%         N/A       32%         2
 Poisonous Vapours        Pois/Air       2%         N/A       32%         2
 Swiftness                Air            1%         N/A       54%         3
 Vampiric Draining        Necr           1%         2d6       54%         3
 Ice Form                 Ice/Tmut       4%         N/A       82%         4
 Airstrike                Air            0%         N/A       91%         4

Inventory:

Hand Weapons
 k - a +5 dagger (weapon) {short}
   (You took it off an orc on level 3 of the Dungeon)
 p - a +3 hand axe {axe}
   (You took it off an orc on level 4 of the Dungeon)
Scrolls
 b - 2 scrolls of enchant armour {unknown}
 c - 3 scrolls of identify {unknown}
 d - a scroll of vulnerability {unknown}
 j - a scroll of enchant weapon {unknown}
 l - 2 scrolls of teleportation {unknown}
 o - a scroll of immolation {unknown}
 q - a scroll of amnesia {unknown}
Potions
 a - 2 potions of degeneration {unknown}
 e - a potion of berserk rage {unknown}
 f - a potion of heal wounds {unknown}
 g - a potion of might {unknown}
 h - a potion of mutation {unknown}
 i - a potion of cancellation {unknown}
 m - 2 potions of brilliance {unknown}
 n - a potion of flight {unknown}
 r - a potion of attraction {unknown}

Dungeon Overview and Level Annotations

Branches:
Dungeon (4/15)             Temple (1/1) D:4

Altars:
Ashenzari
Cheibriados
Dithmenos
Elyvilon
Fedhas
Gozag
Hepliaklqana
Kikubaaqudgha
Makhleb
Nemelex Xobeh
Okawaru
Qazlal
Ru
Sif Muna
Trog
Uskayaw
Vehumet
Wu Jian
Xom
Yredelemnul
Zin
The Shining One

Shops:
D:3 !

Annotations:
D:3 exclusion: statue
D:4 Blork the orc

#.## ..#####.## #..#
#.## ##.# # #.## #.##
.# ###.## #..##.#
##...). ##....#
#..#.##
#######..############
#......#..# #######
## #....@.#.##
##⌠.⌠####. #...os...#
##)>.'....
#.........#
##⌠.⌠####.
#........## #######
#. #......### #######
## #......# #......#
#......#


You could see Blork the orc (very poisoned) and a scorpion.


Message History

You see here 18 bolts.
The adder hisses angrily.
You hit the adder. Your grab misses the adder. The adder misses you.
You hit the adder but do no damage. You grab the adder.
Your tentacle spike misses the adder.
You constrict the adder. The adder bites you.
You are poisoned.
The adder poisons you! The adder bites you.
You are more poisoned.
The adder poisons you!
HP[-4] MP[+1]
You take 4 damage, and now have 37/41 hp.
Your mp is fully restored (9).
You puncture the adder! You constrict the adder.
You kill the adder!
You feel very sick.
HP[-3]
You take 3 damage, and now have 34/41 hp.
Your tentacle spike disappears.
You feel sick.
You see here an adder corpse.
HP[-1]
You take 1 damage, and now have 33/41 hp.
You feel sick.
HP[-2]
You take 2 damage, and now have 31/41 hp.
You start resting.
You feel sick. x5
You are no longer poisoned.
HP[+10]
Your hp is fully restored (41).
p - a +3 hand axe {axe} You now have 188 gold pieces (gained 17).
Things that are here:
a +0 leather armour; an orc corpse A goblin comes into view.
It is wielding a +0 club.
One of your tentacles grows a vicious spike.
MP[-1]
You lost 1 mp, and now have 8/9 mp.
The goblin shouts!
You hit the goblin. You grab the goblin. You tentacle-slap the goblin.
You kill the goblin!
No target in view!
Your transformation is almost over.
Things that are here:
a +0 club {mace}; a goblin corpse; MP[+1]
Your mp is fully restored (9).
Your tentacle spike disappears.
A scorpion comes into view.
One of your tentacles grows a vicious spike.
Your transformation is almost over.
MP[-1]
You lost 1 mp, and now have 8/9 mp.
A scorpion is nearby!
Casting: Beastly Appendage (safe; 10% risk of failure)
Confirm with . or Enter, or press ? or * to list all spells.
The spell is quite dangerous to miscast (41% risk of failure)!
Continue anyway?
Your tentacle spike disappears.
You turn into a venomous arachnid creature.
Your +5 dagger {short} melds into your body.
MP[-3]
You lost 3 mp, and now have 5/9 mp.
Blork the orc comes into view.
He is wielding a +0 long sword.
The helpless Blork the orc fails to defend himself.
You bite Blork the orc!
Blork the orc is poisoned.
Blork the orc gestures at you while chanting.
The puff of frost hits you!
HP[-9]
You take 9 damage, and now have 32/41 hp.
MASSIVE DAMAGE!! (PAUSE)
You hit Blork the orc. Blork the orc casts a spell at you.
The puff of frost misses you.
You hit Blork the orc. Blork the orc barely misses you.
You hit Blork the orc. The scorpion stings you.
You are lethally poisoned!
The scorpion poisons you! Blork the orc completely misses you.
HP[-4] MP[+1]
You take 4 damage, and now have 28/41 hp.
You hit Blork the orc.
You feel very sick. The scorpion stings you.
* * * LOW HITPOINT WARNING * * *
Blork the orc hits you with a +0 long sword!
* * * LOW HITPOINT WARNING * * *
HP[-19]
You take 19 damage, and now have 9/41 hp.
MASSIVE DAMAGE!! (PAUSE)
You barely miss Blork the orc.
Your transformation has ended.
Your +5 dagger {short} unmelds from your body.
* * * LOW HITPOINT WARNING * * *
You feel very sick. The scorpion closely misses you. x2
HP[-3]
You take 3 damage, and now have 6/41 hp.
You hit Blork the orc. You grab Blork the orc. You constrict Blork the orc.
* * * LOW HITPOINT WARNING * * *
You feel very sick.
Blork the orc hits you with a +0 long sword.
You die...

Skill      XL: |  1  2  3  4 |
---------------+-------------+-----
Stealth        | 1 2 3 |  3.5
Fighting       | 2 |  2.8
Unarmed Combat | 4 |  4.8
Dodging        | 3 |  3.3
Spellcasting   | |  2.0
Transmutations | |  2.0

Action                   |  1- 3 |  4- 6 || total
-------------------------+-------+-------++-------
Melee: Unarmed           |    54 |    36 ||    90
       Kick              |    19 |    16 ||    35
       Constrict         |    10 |    23 ||    33
       Tentacles         |     4 |    14 ||    18
       Punch             |     1 |     4 ||     5
       Dagger            |       |    58 ||    58
       Flail             |       |     6 ||     6
 Cast: Beastly Appendage |    16 |    30 ||    46
       Spider Form       |     1 |     2 ||     3
 Stab: Sleeping          |     8 |     9 ||    17
Armor: Skin              |     1 |     1 ||     2
Dodge: Dodged            |    39 |    57 ||    96

Levels and vault maps discovered:
D:1:      kilobyte_arrival_exit_the_forest, layout_basic,
          ebering_ecumenical_altar_hall, minmay_ruptured
D:2:      layout_rooms, grunt_decor_one_mirror
D:3:      layout_basic, vehumet_statue, serial_shops,
          nicolae_shop_advertising_works [nicolae_subvault_shop_adworks]
D:4:      layout_rooms, temple_doors_ab, uniq_blork_the_orc, uniq_eustachio
Temple:   mainiacjoe_temple_hex_bubbles

Notes
Turn   | Place    | Note
-------+----------+-------------------------------------------
     0 | D:1      | zeratav the Octopode Transmuter began the quest for the
                  | Orb.
     0 | D:1      | Reached XP level 1. HP: 13/13 MP: 3/3
     0 | D:1      | magus.rc [v1.9.6]
   172 | D:1      | HP: 2/13 [ball python (3)]
   500 | D:1      | Reached XP level 2. HP: 18/18 MP: 3/5
   508 | D:1      | You pick up a book of Air and begin reading...
   508 | D:1      | You add the spells Shock, Swiftness and Airstrike to your
                  | library.
   526 | D:1      | You pick up a book of Necromancy and begin reading...
   526 | D:1      | You add the spells Pain, Animate Skeleton and Vampiric
                  | Draining to your library.
   538 | D:1      | Reached skill level 1 in Stealth
   838 | D:1      | Reached XP level 3. HP: 17/23 MP: 4/6
   930 | D:1      | Found a faded altar of an unknown god.
  1638 | D:1      | Learned a level 3 spell: Spider Form
  1653 | D:2      | Reached skill level 2 in Stealth
  1653 | D:2      | Reached XP level 4. HP: 16/29 MP: 1/7
  1656 | D:2      | HP: 6/29 [gnoll/+0 spear (5)]
  2165 | D:2      | Reached skill level 2 in Fighting
  2331 | D:2      | Reached skill level 4 in Unarmed Combat
  2449 | D:2      | You pick up a book of Vapours and begin reading...
  2449 | D:2      | You add the spells Poisonous Vapours and Corpse Rot to your
                  | library.
  2632 | D:3      | Found Wuetoz's Distillery.
  2916 | D:3      | Noticed a necrophage
  2932 | D:3      | Killed a necrophage
  2933 | D:3      | Reached skill level 3 in Dodging
  2933 | D:3      | Reached skill level 3 in Stealth
  2933 | D:3      | Reached XP level 5. HP: 10/35 MP: 4/8
  3527 | D:3      | Found a radiant altar of Vehumet.
  3527 | D:3      | Noticed a charred statue
  4059 | D:4      | Reached XP level 6. HP: 39/41 MP: 9/9
  4410 | D:4      | Found a staircase to the Ecumenical Temple.
  4419 | Temple   | Entered the Ecumenical Temple
  4599 | Temple   | Became a worshipper of Ashenzari the Shackled
  4891 | D:4      | Noticed Blork the orc
  4899 | D:4      | HP: 9/41 [Blork the orc/+0 long sword (7)]
  4901 | D:4      | HP: 2/41 [poisoned by a scorpion]
  4901 | D:4      | Slain by Blork the orc

Vanquished Creatures
  A necrophage (D:3)
  An iguana (D:4)
  3 gnolls (D:2)
  6 adders
  An ufetubus (D:4)
  An adder skeleton (D:4)
  A worm (D:2)
  4 dart slugs
  4 orcs
  6 ball pythons
  7 endoplasms
  3 giant cockroaches
  3 goblins
  5 hobgoblins
  9 kobolds
  5 quokkas
  4 frilled lizards
  2 rats
66 creatures vanquished.

Table legend:
 A = Non-vault XP
 B = Vault XP
 C = Vault XP percentage of total XP
 D = Non-vault monster count
 E = Vault monster count
 F = Vault count percentage of total count
                 A         B        C        D         E       F
            +---------+---------+-------+---------+---------+-------
      Total |     397 |       4 |   1.0 |      64 |       2 |   3.0
            +---------+---------+-------+---------+---------+-------
        D:1 |      47 |       4 |   7.8 |      18 |       2 |  10.0
        D:2 |      70 |       0 |   0.0 |      10 |       0 |   0.0
        D:3 |     177 |       0 |   0.0 |      18 |       0 |   0.0
        D:4 |     103 |       0 |   0.0 |      18 |       0 |   0.0
            +---------+---------+-------+---------+---------+-------

Illustrated notes

Table legend:
 A = Kills in this place as a percentage of kills in entire the game.
 B = Kills by you in this place as a percentage of kills by you in the entire game.
 C = Kills by friends in this place as a percentage of kills by friends in the entire game.
 D = Other kills in this place as a percentage of other kills in the entire game.
 E = Experience gained in this place as a percentage of experience gained in the entire game.
 F = Experience gained in this place divided by the number of levels of this place that you have seen.
                   A       B       C       D       E      F
               +-------+-------+-------+-------+-------+----------------------
         Total | 100.0 | 100.0 |   N/A |   N/A | 100.0 |  80.2
       Dungeon | 100.0 | 100.0 |   N/A |   N/A | 100.0 | 100.2
               +-------+-------+-------+-------+-------+----------------------

Table legend: (Time is in decaauts)
 A = Elapsed time spent in this place.
 B = Non-inter-level travel time spent in this place.
 C = Inter-level travel time spent in this place.
 D = Time resting spent in this place.
 E = Time spent auto-exploring this place.
 F = Levels seen in this place.
 G = Mean time per level.
                   A        B        C        D        E       F      G
               +--------+--------+--------+--------+--------+-----+--------+
         Total |   4897 |   4721 |    176 |    919 |   3218 |   5 |  979.4 |
       Dungeon |   4682 |   4557 |    125 |    919 |   3056 |   4 | 1170.5 |
        Temple |    214 |    163 |     51 |      0 |    162 |   1 |  214.0 |
               +--------+--------+--------+--------+--------+-----+--------+

Top non-repeatable levels by time:
     D:1: 1539 daAuts
     D:3: 1484 daAuts
     D:2: 982 daAuts
     D:4: 676 daAuts
  Temple: 214 daAuts
